 Dungeon Crawl Stone Soup version 0.29.1-15-g9cfb28693d (webtiles) character file.

Game seed: 4913018225429701484

5366 sampeng1 the Cleaver (level 10, -7/121 HPs)
             Began as a Human Berserker on May 8, 2023.
             Was an Elder of Trog.
             Mangled by a troll (11 damage)
             ... on level 9 of the Dungeon.
             The game lasted 00:31:13 (7025 turns).

sampeng1 the Cleaver (Human Berserker)              Turns: 7025, Time: 00:31:14

Health: -7/121     AC: 16    Str: 22    XL:     10   Next: 97%
Magic:  10/10      EV: 11    Int:  8    God:    Trog [****..]
Gold:   401        SH:  0    Dex: 12    Spells: 9/9 levels left

rFire   + . .      SeeInvis +   i - +8 hand axe of Tobuin {holy, rPois rN+}
rCold   x . .      Faith    .   (no shield)
rNeg    + . .      Spirit   .   e - +2 chain mail {Will+}
rPois   +          Reflect  .   b - +2 helmet {SInv}
rElec   .          Harm     .   (no cloak)
rCorr   +          Rampage  .   (no gloves)
Will    +++..                   (no boots)
Stlth   ..........              (no amulet)
HPRegen 1.30/turn               v - ring of resist corrosion
MPRegen 0.12/turn               w - ring of fire

@: berserking, strong-willed, regenerating, very quick
A: MP-powered wands
a: Renounce Religion, Berserk, Trog's Hand, Brothers in Arms


You were on level 9 of the Dungeon.
You worshipped Trog.
Trog was greatly pleased with you.
You visited 1 branch of the dungeon, and saw 8 of its levels.
You also visited: Sewer.

You collected 401 gold pieces.

Inventory:

Hand Weapons
 a - a +1 hand axe of venom
 i - the +8 hand axe of Tobuin (weapon) {holy, rPois rN+}
   (You found it on level 3 of the Dungeon)

   It has been blessed by the Shining One to cause great damage to the undead
   and demons.
   rPois:     It protects you from poison.
   rN:        It protects you from negative energy.
 x - a +5 battleaxe
Missiles
 g - 3 throwing nets
 j - 20 poisoned darts (quivered)
Armour
 b - a +2 helmet of see invisible (worn)
 e - a +2 chain mail of willpower (worn)
 y - a +0 plate armour
Jewellery
 c - an amulet of magic regeneration
 h - a ring of see invisible
 o - a ring of magical power
 v - a ring of resist corrosion (left hand)
 w - a ring of fire (right hand)
Wands
 m - a wand of acid (7)
 n - a wand of flame (12)
 t - a wand of iceblast (9)
Scrolls
 d - 3 scrolls of blinking
 k - 2 scrolls of enchant weapon
 l - a scroll of summoning
 r - 2 scrolls of identify
 s - 4 scrolls of teleportation
 z - a scroll of fear {unknown}
Potions
 f - 5 potions of curing
 p - 2 potions of lignification
 q - a potion of flight
 A - 2 potions of might {unknown}
Miscellaneous
 u - a phantom mirror


   Skills:
 + Level 8.3 Fighting
 + Level 8.4 Axes
 + Level 8.0 Armour
 + Level 8.1 Dodging


You had 9 spell levels left.
You didn't know any spells.
Your spell library was empty.

Dungeon Overview and Level Annotations

Branches:
Dungeon (9/15)             Temple (0/1) D:6           Sewer (visited)
   Lair: D:8-11         Orc: D:9-12

Altars:
Gozag
Qazlal
Vehumet

Shops:
D:8 ?=


Innate Abilities, Weirdness & Mutations

You expend magic power (3 MP) to strengthen your wands.


Message History

The yak gores you but does no damage. The yak gores you.
The yak gores you but does no damage. The yak gores you.
You hit the yak.
The yak is heavily wounded.
You hit the troll.
You hit the yak. x3; The troll bites you.
The troll closely misses you. The troll claws you. The yak closely misses you.
The yak gores you!
The yak gores you but does no damage. x2
You slash the yak!
The yak is severely wounded.
You slash the yak! You barely miss the yak. You slash the yak!
You hit the troll. The troll barely misses you. x2
The troll claws you but does no damage. The yak gores you! The yak gores you.
The yak gores you but does no damage. The yak gores you!
You hit the yak but do no damage.
The yak is severely wounded.
You slash the troll! You slash the yak! You barely miss the yak.
You slash the yak! The troll closely misses you. The troll claws you.
The troll closely misses you. The yak gores you! The yak gores you.
The yak gores you!
* * * LOW HITPOINT WARNING * * *
The yak gores you!
* * * LOW HITPOINT WARNING * * *
You feel better. The troll closely misses you. The troll barely misses you.
The troll misses you. The yak barely misses you.
The yak gores you but does no damage. The yak gores you.
* * * LOW HITPOINT WARNING * * *
The yak gores you.
* * * LOW HITPOINT WARNING * * *
Your skin crawls.
You feel strong-willed. The troll bites you but does no damage.
The troll closely misses you. The troll claws you.
* * * LOW HITPOINT WARNING * * *
The yak gores you but does no damage. The yak barely misses you.
The yak gores you.
* * * LOW HITPOINT WARNING * * *
The yak gores you but does no damage.
A red film seems to cover your vision as you go berserk!
You feel yourself moving faster!
You feel mighty! The troll bites you!
You die...

## #........ #>#.....)
#######.......#
...$..........#
..............#
.......YY.....#
......YYT.....#
......Y@###
..#####.Y.#######
........$.......#
.?.......######.#
.........# #.#
.......).. #.##
..........# #..## ###
.......>... ##..##...
#########.....###..#.#


You could see 6 yaks and a troll.

Vanquished Creatures
  A two-headed ogre (D:5)
  The ghost of Taurus the Cleaver, a novice MiFi of the Shining One (D:6)
  A troll (D:9)
  Grinder (D:3)
  3 wyverns
  Eustachio (D:4)
  2 steam dragons
  A black bear (D:5)
  3 ice beasts (D:6)
  The ghost of Silvore the Covered, an amateur MiFi (D:3)
  A sky beast (D:6)
  2 ogres
  A kobold brigand (D:6)
  3 bullfrogs
  4 scorpions
  9 wights
  3 killer bees (D:8)
  2 howler monkeys (D:9)
  6 hounds
  A gnoll bouda (D:6)
  2 orc priests (D:8)
  9 iguanas
  The ghost of Djinni the Artisan of Death, a weakling FeNe of Kikubaaqudgha (D:4)
  7 orc wizards
  A hell rat (Sewer)
  2 bullfrog simulacra (D:6)
  A killer bee simulacrum (D:6)
  Robin (D:2)
  13 adders
  4 river rats
  6 gnolls
  5 white imps
  An ufetubus (D:5)
  3 worms
  3 dart slugs
  23 orcs
  6 endoplasms
  3 giant cockroaches
  16 goblins
  8 hobgoblins
  10 jackals
  2 quokkas
  6 ball pythons
  10 bats
  5 frilled lizards
  18 kobolds
  9 rats
222 creatures vanquished.

Vanquished Creatures (collateral kills)
  An iguana (D:6)
1 creature vanquished.

Vanquished Creatures (others)
  An orc (D:8)
1 creature vanquished.

Grand Total: 224 creatures vanquished

Notes
Turn   | Place    | Note
-------+----------+-------------------------------------------
     0 | D:1      | sampeng1 the Human Berserker began the quest for the Orb.
     0 | D:1      | Reached XP level 1. HP: 18/18 MP: 1/1
   118 | D:1      | Reached XP level 2. HP: 8/24 MP: 2/2
   690 | D:1      | Reached XP level 3. HP: 17/29 MP: 3/3
   997 | D:1      | Reached ** piety under Trog
  1113 | D:1      | Gained mutation: You expend magic power (3 MP) to
                  | strengthen your wands. [potion of mutation]
  1153 | D:2      | Reached XP level 4. HP: 6/35 MP: 4/4
  1533 | D:2      | Noticed Robin
  1548 | D:2      | Killed Robin
  1615 | D:2      | Found a faded altar of an unknown god.
  1925 | D:3      | Reached XP level 5. HP: 35/42 MP: 5/5
  1932 | D:3      | Found a glowing drain.
  1949 | Sewer    | Entered a sewer
  2166 | D:3      | Noticed Grinder
  2168 | D:3      | Paralysed by Grinder for 2 turns
  2173 | D:3      | Paralysed by Grinder for 5 turns
  2180 | D:3      | Found a runed translucent door.
  2189 | D:3      | Paralysed by Grinder for 5 turns
  2204 | D:3      | Killed Grinder
  2205 | D:3      | Reached XP level 6. HP: 23/49 MP: 6/6
  2205 | D:3      | Reached XP level 7. HP: 26/55 MP: 7/7
  2211 | D:3      | Noticed Silvore's ghost (amateur MiFi)
  2262 | D:3      | Killed Silvore's ghost
  2497 | D:3      | Identified the +8 hand axe of Tobuin {holy, rPois rN+}
  3104 | D:4      | Found a stormy altar of Qazlal.
  3201 | D:4      | Reached skill level 5 in Axes
  3356 | D:4      | Reached *** piety under Trog
  3416 | D:4      | Found a runed translucent door.
  3416 | D:4      | Noticed Djinni's ghost (weakling FeNe)
  3426 | D:4      | Reached skill level 5 in Fighting
  3426 | D:4      | Killed Djinni's ghost
  3427 | D:4      | Reached XP level 8. HP: 59/62 MP: 8/8
  3617 | D:4      | Noticed Eustachio
  3626 | D:4      | Killed Eustachio
  3778 | D:5      | Entered Level 5 of the Dungeon
  3843 | D:5      | Reached skill level 5 in Armour
  3843 | D:5      | Reached skill level 5 in Dodging
  4548 | D:5      | Reached XP level 9. HP: 60/69 MP: 9/9
  4694 | D:5      | Noticed a two-headed ogre
  4700 | D:5      | Killed a two-headed ogre
  4705 | D:5      | Reached **** piety under Trog
  4811 | D:6      | Found a staircase to the Ecumenical Temple.
  4869 | D:6      | Reached XP level 10. HP: 16/79 MP: 10/10
  5134 | D:6      | Found a runed translucent gate.
  5136 | D:6      | Found a runed translucent gate.
  5138 | D:6      | Found a runed translucent gate.
  5173 | D:6      | Noticed Taurus's ghost (novice MiFi)
  5269 | D:6      | Killed Taurus's ghost
  5443 | D:6      | You fall into a shaft and drop 2 floors!
  5911 | D:8      | Found an opulent altar of Gozag.
  5912 | D:8      | Found a radiant altar of Vehumet.
  6217 | D:8      | Found Gelod's Jewellery Shop.
  6247 | D:8      | Found Ofoatioj's Magic Scroll Shop.
  7024 | D:9      | HP: 2/81 [yak (5)]
  7025 | D:9      | Mangled by a troll

Illustrated notes

Levels and vault maps discovered:
D:1:      dpeg_arrival_rooms_a, layout_rooms
D:2:      layout_rooms, shapermc_ecumenical_altar_rom_forum, uniq_robin
D:3:      layout_basic, portal_sewer_entry_a, ebering_ghost_sewer_d,
          uniq_grinder
D:4:      layout_rooms, grunt_qazlal_sundering, ebering_ghost_inner_flame,
          uniq_eustachio
D:5:      cheibrodos_barr_body, layout_rooms, st_stairs_2,
          amcnicky_mini_rare_corridor_liquid
D:6:      layout_rooms, mainiacjoe_overflow_small_starburst,
          minmay_temple_entry_mist, gammafunk_ghost_icy, nicolae_shop_clearance
D:8:      layout_basic, gammafunk_temple_overflow_statue, serial_shops, shop,
          nicolae_lakefront_shop
D:9:      layout_basic, the_hattery

Skill      XL: |  1  2  3  4  5  6  7  8  9 10 |
---------------+-------------------------------+-----
Dodging        | 3 4 5 6 8 |  8.1
Armour         | 3 4 5 6 8 |  8.0
Fighting       | 4 5 6 7 8 |  8.3
Axes           | 4 5 6 7 8 |  8.4

Action                   |  1- 3 |  4- 6 |  7- 9 | 10-12 || total
-------------------------+-------+-------+-------+-------++-------
Melee: Hand axe          |    71 |   112 |   265 |   134 ||   582
       Punch             |       |       |     3 |       ||     3
Invok: Berserk           |       |     3 |     5 |     5 ||    13
       Trog's Hand       |       |       |       |     2 ||     2
  Use: Scroll            |     4 |     4 |     6 |     1 ||    15
       Potion            |     3 |     2 |     3 |     2 ||    10
 Stab: Distracted        |       |       |     1 |       ||     1
Armor: Animal skin       |    18 |     1 |       |       ||    19
       Chain mail        |       |    63 |   154 |    84 ||   301
Dodge: Dodged            |    57 |    52 |   129 |   101 ||   339
